 Dungeon Crawl Stone Soup version 0.23-a0-370-gf497b7c (webtiles) character file.

12893 smcx the Fighter (level 11, -2/107 HPs)
             Began as a Minotaur Berserker on Oct 24, 2018.
             Was a High Priest of Trog.
             Slain by a seven-headed hydra (9 damage)
             ... on level 1 of the Lair of Beasts.
             The game lasted 00:59:22 (14836 turns).

smcx the Fighter (Minotaur Berserker)              Turns: 14836, Time: 00:59:22

Health: -2/107     AC:  7    Str: 29    XL:     11   Next: 68%
Magic:  10/10      EV: 12    Int:  4    God:    Trog [*****.]
Gold:   549        SH:  0    Dex: 14    Spells: 10/10 levels left

rFire    . . .     SeeInvis .   K - +0 battleaxe
rCold    . . .     Gourm    .   (shield currently unavailable)
rNeg     . . .     Faith    .   f - +4 ring mail "Reubriv" {*Corrode Str+4 Dex+4}
rPois    .         Spirit   .   (helmet restricted)
rElec    .         Reflect  .   M - +2 cloak
rCorr    .         Harm     .   (no gloves)
MR       +....                  (no boots)
Stlth    ++........             (no amulet)
HPRegen  0.27/turn              p - ring of protection from magic
MPRegen  0.12/turn              y - ring of stealth

@: about to teleport, corroded
A: retaliatory headbutt, horns 2
a: Berserk, Trog's Hand, Brothers in Arms, Renounce Religion


You were on level 1 of the Lair of Beasts.
You worshipped Trog.
Trog was extremely pleased with you.
You were not hungry.

You visited 2 branches of the dungeon, and saw 12 of its levels.

You collected 549 gold pieces.

Inventory:

Hand Weapons
 a - a +0 hand axe
 g - a +0 war axe
 J - a +2 short sword of electrocution
 K - a +0 battleaxe (weapon)
 N - a +3 hand axe
Missiles
 n - 3 throwing nets (quivered)
Armour
 f - the +4 ring mail "Reubriv" (worn) {*Corrode Str+4 Dex+4}
   (You found it on level 6 of the Dungeon)

   It affects your strength (+4).
   It affects your dexterity (+4).
   It may corrode you when you take damage.
 r - a +0 ring mail of fire resistance
 u - a +1 plate armour
 z - a +0 cloak
 M - a +2 cloak (worn)
Jewellery
 p - a ring of protection from magic (left hand)
 s - an uncursed ring of ice
 y - a ring of stealth (right hand)
Wands
 t - a wand of iceblast (7)
 v - a wand of clouds (6)
 G - a wand of paralysis (19)
 H - a wand of flame (80)
 L - a wand of disintegration (9)
Scrolls
 e - 4 scrolls of magic mapping
 j - 4 scrolls of identify
 k - 2 scrolls of enchant armour
 m - 2 scrolls of teleportation
 o - 2 scrolls of immolation
 A - 5 scrolls of remove curse
 E - a scroll of fog {unknown}
 I - 2 scrolls of enchant weapon {unknown}
 O - a scroll of noise {unknown}
 P - a scroll of fear {unknown}
 Q - a scroll of vulnerability {unknown}
Potions
 b - 2 potions of magic {unknown}
 d - a potion of might {unknown}
 h - 2 potions of agility {unknown}
 i - 2 potions of curing
 l - a potion of mutation {unknown}
 q - 4 potions of flight
 w - 2 potions of lignification {unknown}
 x - 3 potions of invisibility {unknown}
 C - 3 potions of brilliance {unknown}
 D - 6 potions of haste {unknown}
 F - a potion of heal wounds {unknown}
Comestibles
 c - 15 rations


   Skills:
 + Level 13.1 Fighting
 + Level 13.1 Axes
 + Level 12.9 Armour
 - Level 2.3 Dodging


You had 10 spell levels left.
You didn't know any spells.
Your spell library was empty.

Dungeon Overview and Level Annotations

Branches:
Dungeon (10/15)            Temple (0/1) D:5            Lair (2/6) D:10
    Orc (0/2) D:9
  Swamp: Lair:2-4    Shoals: Lair:2-4     Snake: Lair:2-4    Spider: Lair:2-4

Altars:
Sif Muna
Uskayaw
Wu Jian
Yredelemnul

Shops:
D:4 =   D:5 }   D:8 }   D:9 :%


Innate Abilities, Weirdness & Mutations

You reflexively headbutt those who attack you in melee.
You have a pair of horns on your head.


Message History

You feel strangely unstable.
It was a scroll of teleportation.
The seven-headed hydra bites you!
* * * LOW HITPOINT WARNING * * *
The seven-headed hydra bites you but does no damage.
The seven-headed hydra barely misses you.
The seven-headed hydra misses you.
The seven-headed hydra barely misses you.
The seven-headed hydra bites you!
* * * LOW HITPOINT WARNING * * *
The seven-headed hydra closely misses you.
As you read the scroll labeled RIEQURU ADIALE, it crumbles to dust.
The creatures around you are filled with an inner flame!
It was a scroll of immolation.
The seven-headed hydra bites you but does no damage. x2
The seven-headed hydra bites you!
* * * LOW HITPOINT WARNING * * *
The seven-headed hydra bites you but does no damage.
The seven-headed hydra completely misses you.
The seven-headed hydra bites you!
You die...

....#...#..######...####.........
..#.#....##...#......##..........
#+....................+.##.####.#
#..⌠.....⌠..>..⌠.....⌠.####......
#.......................##.#.###.
#.###....#....###...###.........#
#'###....###.####....#...........
....##...#######....###.........#
....'##...####.D@..##............
....####.[..⌠.........#..........
....# ##..÷....##...............
....# ##..>..##...###.........#
....# ######.....# #..........
##'.# #.......# ##..####### #..#
##....### ##.## ##.# ###.######
#...## #.# ####........# ###..#


You could see a seven-headed hydra (inner flame).

Vanquished Creatures
  Pikel (D:9)
  2 black mambas
  Maurice (D:8)
  3 spiny frogs
  Psyche (D:9)
  A komodo dragon (D:10)
  A rime drake (Lair:1)
  A queen bee (D:9)
  2 hippogriffs
  Sigmund (D:5)
  10 yaks
  A wyvern (D:8)
  A hungry ghost (D:7)
  A water moccasin (Lair:1)
  A porcupine (Lair:1)
  An ice beast (D:8)
  8 orc warriors
  6 sky beasts
  7 ogres
  A necrophage (D:10)
  4 centaurs
  5 phantoms
  4 crocodiles
  8 bullfrogs
  A wyvern skeleton (D:6)
  3 scorpions
  38 killer bees
  3 wights
  An electric eel (D:9)
  4 crimson imps
  2 jellies
  7 hounds
  A bullfrog skeleton (D:5)
  2 gnoll shamans
  10 orc priests
  11 orc wizards
  Jessica (D:3)
  An iguana (D:6)
  7 worker ants
  A killer bee zombie (D:5)
  2 worker ant zombies
  Robin (D:3)
  6 gnolls
  14 adders
  4 shadow imps
  An ooze (D:3)
  An adder zombie (D:5)
  3 adder skeletons
  2 worms (D:2)
  2 dart slugs
  5 leopard geckos
  42 orcs
  4 giant cockroaches
  17 goblins
  12 hobgoblins
  6 jackals
  3 kobolds
  6 quokkas
  2 ball pythons
  A ball python skeleton (D:4)
  6 bats
  6 frilled lizards
  A jackal skeleton (D:5)
  A leopard gecko zombie (D:6)
  A quokka skeleton (D:5)
  7 rats
  A bush (Lair:2)
  2 fungi (Lair:2)
  10 plants (D:10)
334 creatures vanquished.

Vanquished Creatures (others)
  2 slaves (D:9)
  A howler monkey (D:9)
  A hound (D:9)
  A jelly (D:9)
  An orc priest (D:9)
  An orc (D:9)
  A fungus (Lair:1)
  A plant (D:10)
9 creatures vanquished.

Grand Total: 343 creatures vanquished

Notes
Turn   | Place    | Note
-------+----------+-------------------------------------------
     0 | D:1      | smcx the Minotaur Berserker began the quest for the Orb.
     0 | D:1      | Reached XP level 1. HP: 19/19 MP: 0/0
   224 | D:1      | Reached XP level 2. HP: 27/27 MP: 1/1
   885 | D:1      | Reached ** piety under Trog
  1042 | D:2      | Reached XP level 3. HP: 31/33 MP: 2/2
  1859 | D:3      | Reached XP level 4. HP: 36/41 MP: 3/3
  2197 | D:3      | Noticed Jessica
  2202 | D:3      | Killed Jessica
  2202 | D:3      | Reached skill level 5 in Fighting
  2202 | D:3      | Reached skill level 5 in Axes
  2202 | D:3      | Reached XP level 5. HP: 31/48 MP: 4/4
  2426 | D:3      | Noticed Robin
  2439 | D:3      | Reached *** piety under Trog
  2450 | D:3      | Killed Robin
  3234 | D:4      | Noticed a phantom
  3275 | D:4      | Killed a phantom
  3275 | D:4      | Reached skill level 5 in Armour
  3275 | D:4      | Reached XP level 6. HP: 30/57 MP: 5/5
  3467 | D:4      | Found Tuorya's Jewellery Boutique.
  3574 | D:5      | Entered Level 5 of the Dungeon
  3793 | D:4      | Reached XP level 7. HP: 36/63 MP: 6/6
  3998 | D:4      | Reached **** piety under Trog
  4294 | D:4      | Found an ornate altar of the Wu Jian Council.
  4397 | D:5      | Found Unekhlob's Gadget Shoppe.
  4409 | D:5      | Noticed Sigmund
  4788 | D:5      | Noticed a yak
  4789 | D:5      | Noticed a yak
  4843 | D:6      | Found a basalt altar of Yredelemnul.
  4878 | D:6      | Reached XP level 8. HP: 52/73 MP: 7/7
  4926 | D:6      | Found a hide-covered altar of Uskayaw.
  5513 | D:5      | Killed Sigmund
  5513 | D:5      | Reached XP level 9. HP: 83/83 MP: 8/8
  5577 | D:5      | Found a staircase to the Ecumenical Temple.
  6125 | D:5      | Found a deep blue altar of Sif Muna.
  6311 | D:5      | HP: 4/84 [poisoned by a killer bee]
  6316 | D:5      | HP: 4/84 [poisoned by a killer bee]
  6323 | D:5      | HP: 3/84 [poisoned by a killer bee]
  6331 | D:5      | HP: 3/84 [poisoned by a killer bee]
  7207 | D:6      | Reached ***** piety under Trog
  7207 | D:6      | Reached skill level 10 in Axes
  7210 | D:6      | Reached skill level 10 in Fighting
  7739 | D:6      | Reached skill level 10 in Armour
  7791 | D:6      | Got a heavily runed ring mail
  7796 | D:6      | Identified the +4 ring mail "Reubriv" {*Corrode Str+4
                  | Dex+4} (You found it on level 6 of the Dungeon)
  8280 | D:7      | Reached XP level 10. HP: 87/94 MP: 9/9
  8994 | D:8      | Found Jegoo's Gadget Emporium.
  9446 | D:8      | Noticed Maurice
  9459 | D:8      | Killed Maurice
 10410 | D:9      | Noticed Psyche
 10448 | D:9      | Killed Psyche
 10671 | D:9      | Found Jyet's Book Boutique.
 10715 | D:9      | Found Irhol's Food Shop.
 10718 | D:9      | Noticed Pikel
 10725 | D:9      | Killed Pikel
 10887 | D:9      | Reached XP level 11. HP: 30/104 MP: 10/10
 11774 | D:9      | Found a staircase to the Orcish Mines.
 11914 | D:10     | Entered Level 10 of the Dungeon
 12344 | D:10     | Found a staircase to the Lair.
 12776 | Lair:1   | Entered Level 1 of the Lair of Beasts
 14828 | Lair:2   | Noticed a seven-headed hydra
 14836 | Lair:1   | Slain by a seven-headed hydra

Vault maps used:
D:1:      elethiomel_arrival_shortcut, minmay_pentomino_r4
D:2:      first_ration
D:3:      uniq_robin, uniq_jessica
D:4:      lemuel_coloured_pillars_altar, serial_shops, shop
D:5:      lemuel_blue_sif_altar, minmay_temple_entry_nine_rooms, serial_shops,
          shop, uniq_sigmund
D:6:      eat_drink_and_be_merry_uskayaw, yredelemnul_altar_generic,
          minmay_misc_feat_five, kennysheep_opposing_triangles
D:7:      grunt_ogre_cave
D:8:      serial_shops, shop_fountains, uniq_maurice
D:9:      erik_orc_2, serial_shops, nicolae_shop_stone, kennysheep_mini_moat,
          special_room, uniq_pikel, uniq_psyche
D:10:     david_lair_shrubbed
Lair:1:   grunt_megastairs_5
Lair:2:   lemuel_fruit_fields, grunt_megastairs_2, serial_bayou_shore_a

Skill      XL: |  1  2  3  4  5  6  7  8  9 10 11 |
---------------+----------------------------------+-----
Fighting       | 4 5 6 7 9 10 12 13 | 13.1
Axes           | 4 5 6 7 9 10 12 13 | 13.1
Armour         | 3 4 5 6 8 10 11 12 | 12.9
Dodging        | |  2.3

Action                   |  1- 3 |  4- 6 |  7- 9 | 10-12 || total
-------------------------+-------+-------+-------+-------++-------
Melee: Hand axe          |    82 |   164 |   255 |       ||   501
       Headbutt          |    13 |    36 |    61 |    93 ||   203
       Battleaxe         |       |       |    96 |   351 ||   447
Throw: Throwing net      |       |       |       |     7 ||     7
Invok: Berserk           |       |       |     4 |     2 ||     6
       Trog's Hand       |       |       |     1 |     2 ||     3
  Use: Scroll            |     2 |     2 |     4 |     7 ||    15
       Potion            |       |       |       |     4 ||     4
 Stab: Held in net/web   |       |       |       |     2 ||     2
       Sleeping          |       |       |       |     1 ||     1
  Eat: Chunk             |     2 |     2 |    13 |     8 ||    25
       Ration            |       |     2 |     1 |     6 ||     9
Armor: Ring mail         |    30 |    31 |    11 |   174 ||   246
       Scale mail        |       |    15 |       |       ||    15
       Plate armour      |       |    28 |   215 |       ||   243
Dodge: Dodged            |    38 |    64 |   125 |   264 ||   491

Table legend:
 A = Non-vault XP
 B = Vault XP
 C = Vault XP percentage of total XP
 D = Non-vault monster count
 E = Vault monster count
 F = Vault count percentage of total count
                 A         B        C        D         E       F
            +---------+---------+-------+---------+---------+-------
      Total |   13207 |    5212 |  28.3 |     255 |      66 |  20.6
            +---------+---------+-------+---------+---------+-------
        D:1 |      34 |       6 |  15.0 |      19 |       3 |  13.6
        D:2 |      95 |       0 |   0.0 |      15 |       0 |   0.0
        D:3 |     145 |      70 |  32.6 |      29 |      12 |  29.3
        D:4 |     403 |       0 |   0.0 |      18 |       0 |   0.0
        D:5 |    2135 |     223 |   9.5 |      41 |       1 |   2.4
        D:6 |    1976 |     133 |   6.3 |      43 |       1 |   2.3
        D:7 |     592 |     112 |  15.9 |      11 |       1 |   8.3
        D:8 |    1392 |     445 |  24.2 |      15 |       1 |   6.2
        D:9 |    1799 |    3331 |  64.9 |      39 |      44 |  53.0
       D:10 |    1508 |     378 |  20.0 |      12 |       1 |   7.7
     Lair:1 |    2064 |     514 |  19.9 |       9 |       2 |  18.2
     Lair:2 |    1064 |       0 |   0.0 |       4 |       0 |   0.0
            +---------+---------+-------+---------+---------+-------
